cohdb
Replays
Latest Replays
All Replays
Popular Replays
Top Player Replays
Match Explorer
How It Works
Community
CoH3 Stats
Reddit
Sign in to upload your games and track your stats! →
Sign in with Steam
Match 46825651
Unlisted
Match 46825651
Overview
Messages
Build Orders
End
Selects Italian Combined Arms Battlegroup
Selects Bersaglieri Squad
Bersaglieri Squad
Panzerpioneer Squad
Bersaglieri Squad
250 Light Carrier
Construct Light Support Kompanie
Fire Support Elements
Combat Half-tracks
Selects Bersaglieri Bolster
Bersaglieri Squad
Panzerjäger Mechanized Group
ThreekidsinaTrenchcoat
FeriG
0
0
Comments
sign in to comment!
No comments posted yet!